 Dungeon Crawl Stone Soup version 0.14.0-9-g9c5475a (webtiles) character file.

132 RogerD the Charmwright (level 3, -3/29 HPs)
             Began as a Centaur Skald on Apr 13, 2014.
             Was an Initiate of Nemelex Xobeh.
             Slain by a worm (6 damage)
             ... on Level 3 of the Dungeon.
             The game lasted 00:25:28 (2020 turns).

RogerD the Charmwright (Centaur Skald)              Turns: 2020, Time: 00:25:28

HP  -3/29        AC  4     Str 14      XL: 3   Next: 83%
MP   1/5         EV  9     Int 11      God: Nemelex Xobeh [......]
Gold 71          SH  0     Dex 13      Spells:  1 memorised,  4 levels left

rFire  . . .     SeeInvis .     a - +0 spear
rCold  . . .     Clarity  .     b - +0 leather armour
rNeg   . . .     Conserve +     (no shield)
rPois  .         rCorr    .     (no helmet)
rElec  .         rRot     .     (no cloak)
SustAb . .       Spirit   .     (no gloves)
rMut   .         Warding  .     (no barding)
Saprov . . .     Stasis   .     s - amulet of conservation {unknown}
MR     .....                    (no ring)
                                i - +4 ring of dexterity

@: very quick, not resistant to hostile enchantments, extremely unstealthy
A: hooves 3, deformed body, herbivore 1, speed 2, fast metabolism 1, tough skin
3
a: Renounce Religion


You were on level 3 of the Dungeon.
You worshipped Nemelex Xobeh.
Nemelex Xobeh was noncommittal.
You were not hungry.

You visited 1 branch of the dungeon, and saw 3 of its levels.

You collected 71 gold pieces.

Inventory:

Hand weapons
 a - a +0,+0 spear (weapon)
 e - a +0,+0 sling
 f - a -3,-1 short sword
Missiles
 n - 4 javelins of penetration
 r - 3 tomahawks of returning (quivered)
Armour
 b - a +0 leather armour (worn)
Comestibles
 d - 2 bread rations
Scrolls
 g - a scroll of teleportation
 t - a scroll of identify {unknown}
 u - a scroll of fog {unknown}
Jewellery
 i - a +4 ring of dexterity (left hand)
 s - an amulet of conservation (around neck) {unknown}
Potions
 h - a potion of paralysis {unknown}
 j - 2 potions of agility {unknown}
 k - a potion of curing {unknown}
 l - a potion of brilliance {unknown}
 m - 2 potions of haste {unknown}
 o - a potion of restore abilities {unknown}
 p - a potion of heal wounds {unknown}
Books
 c - a book of Battle

   Spells                             Type                      Level
   *Infusion                          Charms                       1
   Shroud of Golubria                 Charms/Translocation         2
   Song of Slaying                    Charms                       2
   Spectral Weapon                    Hexes/Charms                 3
   Regeneration                       Charms/Necromancy            3
Miscellaneous
 q - a plain deck of summonings {drawn: 4}


   Skills:
 + Level 2.0 Fighting
 + Level 2.1 Polearms
 + Level 1.1 Throwing
 + Level 1.2 Armour
 + Level 0.9 Dodging
 + Level 1.8 Spellcasting
 + Level 3.3 Charms


You had 4 spell levels left.
You knew the following spells:

 Your Spells              Type           Power        Failure   Level  Hunger
a - Infusion              Chrm           #.....       10%         1    ##.....


Dungeon Overview and Level Annotations

Branches:
Dungeon (3/15)

Altars:
Nemelex Xobeh
Sif Muna
Yredelemnul

Portals:
Abyss: D:1***


Innate Abilities, Weirdness & Mutations

You have hooves in place of feet.
Armour fits poorly on your strangely shaped body.
You digest meat inefficiently.
You cover ground very quickly.
You have a fast metabolism.
You have extremely tough skin (AC +3).


Message History

You open the door.
A worm comes into view.
Found a stone staircase leading up and a stone staircase leading down.
There is an open door here.
Found 17 gold pieces.
Casting: Infusion
Confirm with . or Enter, or press ? or * to list all spells.
Your attacks are magically infused.
The worm bites you.
You hit the worm. Your kick misses the worm.
The worm is moderately wounded.
You hit the worm. You kick the worm.
The worm is heavily wounded.
The worm bites you!
* * * LOW HITPOINT WARNING * * *
You hit the worm.
The worm is heavily wounded.
The worm bites you.
You die...
Your body disappears without a glow.

######+###
#........# ########
#$..>....# #......#
+........# #......#
#........####......#
#...w@...'.##......#
#..<.....#..#......#
#........##.'......#
#........####......#
#........# #......#
#........# #......#
#######+## ####'###
#.# #.#


You could see a worm.

Vanquished Creatures
  2 adders
  A worm (D:2)
  2 giant geckos
  A giant cockroach (D:1)
  3 goblins (D:2)
  8 hobgoblins
  A quokka (D:2)
  3 ball pythons
  2 bats (D:2)
  6 kobolds
  7 rats
36 creatures vanquished.

Vanquished Creatures (collateral kills)
  2 hobgoblins
  A kobold (D:2)
3 creatures vanquished.

Grand Total: 39 creatures vanquished

Notes
Turn   | Place    | Note
--------------------------------------------------------------
     0 | D:1      | RogerD, the Centaur Skald, began the quest for the Orb.
     0 | D:1      | Reached XP level 1. HP: 17/17 MP: 2/2
   342 | D:1      | Reached XP level 2. HP: 19/24 MP: 0/3
   598 | D:2      | Reached skill level 3 in Charms
   677 | D:2      | Found a sparkling altar of Nemelex Xobeh.
   677 | D:2      | Found a basalt altar of Yredelemnul.
   677 | D:2      | Found a deep blue altar of Sif Muna.
   690 | D:2      | Became a worshipper of Nemelex Xobeh the Trickster
   756 | D:2      | Received a gift from Nemelex Xobeh
   884 | D:2      | Noticed a cyan ugly thing
  1196 | D:2      | Reached XP level 3. HP: 29/29 MP: 1/5
  1246 | D:2      | Reached skill level 1 in Armour
  1845 | D:3      | Reached skill level 1 in Throwing
  2020 | D:3      | Slain by a worm

Action                   || total
-------------------------++-------
Melee: Spear             ||    82
       Short sword       ||     8
Throw: Tomahawk          ||    20
       Javelin           ||     9
 Cast: Infusion          ||    15
Evoke: Deck              ||     4
  Use: Scroll            ||     2
